 Dungeon Crawl Stone Soup version 0.30-a0-924-g0ad0bf95bc (webtiles) character file.

Game seed: 12482950668409926784

100 DavidChitty2 the Trooper (level 4, -1/29 HPs)
             Began as a Gargoyle Fighter on Mar 22, 2023.
             Slain by an orc wizard
             ... wielding a +0 dagger
              (3 damage)
             ... on level 3 of the Dungeon.
             The game lasted 00:02:04 (1119 turns).

DavidChitty2 the Trooper (Gargoyle Fighter)         Turns: 1119, Time: 00:02:04

Health: -1/29      AC: 10    Str: 22    XL:     4   Next: 73%
Magic:  4/4        EV:  9    Int:  8    God:
Gold:   61         SH:  4    Dex:  9    Spells: 3/3 levels left

rFire   . . .      SeeInvis .    a - +0 flail
rCold   . . .      Faith    .    c - +0 buckler
rNeg    + . .      Spirit   .    b - +0 scale mail
rPois   ∞          Reflect  .    (no helmet)
rElec   +          Rampage  .    (no cloak)
rCorr   .                        (no gloves)
Will    .....                    (no boots) Stlth
                                 g - amulet of the acrobat
HPRegen 0.24/turn                j - ring "Nemo" {Fly rElec Str+3 Int-3}
MPRegen 0.09/turn                (no ring)

@: flying
A: sickness immunity, AC +3, negative energy resistance 1, electricity
resistance, torment resistance 1, petrification resistance
a: no special abilities


You were on level 3 of the Dungeon.
You visited 1 branch of the dungeon, and saw 3 of its levels.

You collected 111 gold pieces.
You spent 50 gold pieces at shops.

Inventory:

Hand Weapons
 a - a +0 flail (weapon)
Armour
 b - a +0 scale mail (worn)
 c - a +0 buckler (worn)
Jewellery
 g - an amulet of the acrobat (around neck)
   (You found it on level 1 of the Dungeon)
 j - the ring "Nemo" (left hand) {Fly rElec Str+3 Int-3}
   (You found it on level 2 of the Dungeon)

   [ring of flight]

   Str:       It affects your strength (+3).
   Int:       It affects your intelligence (-3).
   rElec:     It insulates you from electricity.
   Fly:       It grants you flight.
Scrolls
 e - 5 scrolls of identify {unknown}
 i - a scroll of teleportation {unknown}
 k - a scroll of fog {unknown}
 l - a scroll of poison {unknown}
 n - 3 scrolls of blinking {unknown}
 o - a scroll of magic mapping {unknown}
Potions
 d - a potion of might
 f - a potion of resistance {unknown}
 h - a potion of haste {unknown}
 m - 4 potions of heal wounds {@q2}
 p - a potion of cancellation {unknown}
 q - a potion of brilliance {unknown}


   Skills:
 + Level 4.0 Fighting
 * Level 3.2 Maces & Flails
 + Level 3.9 Armour
 + Level 3.9 Shields


You had 3 spell levels left.
You didn't know any spells.
Your spell library contained the following spells:

 Spells                   Type           Power      Damage    Failure   Level
 Slow                     Hex            0%         N/A       82%         1
 Confusing Touch          Hex            0%         N/A       99%         3
 Vampiric Draining        Necr           0%         2d6       99%         3


Dungeon Overview and Level Annotations

Branches:
Dungeon (3/15)

Altars:
Fedhas

Shops:
D:2 !


Innate Abilities, Weirdness & Mutations

You are immune to sickness and miasma.
Your stone body is resilient. (AC +3)
You are immune to poison.
You resist negative energy. (rN+)
You are resistant to electric shocks. (rElec)
You are resistant to unholy torment.
You are immune to petrification.


Message History

The orc wizard points at you and mumbles some strange words.
You block the puff of flame.
Unknown command.
You closely miss the orc. The orc hits you but does no damage. x2
The orc wizard hits you with a +0 dagger.
* * * LOW HITPOINT WARNING * * *
The orc priest completely misses you.
You barely miss the orc priest.
The orc priest hits you but does no damage.
The orc hits you but does no damage. x2
The orc wizard hits you but does no damage.
You sock the orc priest!
You kill the orc priest!
The orc wizard hits you but does no damage.
The orc hits you but does no damage. You block the orc's attack.
The orc wizard points at you and mumbles some strange words.
You resist with some effort. You block the orc's attack.
The orc barely misses you.
Your Fighting skill increases to level 4!
You barely miss the orc. You block the orc's attack.
The orc hits you but does no damage. The orc wizard barely misses you.
You closely miss the orc. The orc hits you but does no damage. x2
The orc wizard mumbles some strange words.
The orc wizard flickers and vanishes!
Deactivating autopickup; reactivate with Ctrl-A.
You thump the orc!
You kill the orc!
Something hits you but does no damage. You block the orc's attack.
You hear some strange, mumbled words.
A puff of flame appears from out of thin air!
The puff of flame hits you but does no damage.
The orc hits you with a +0 club.
* * * LOW HITPOINT WARNING * * *
Items here: )) [ †.
You barely miss something. The orc hits you but does no damage.
Something hits you but does no damage. The orc hits you but does no damage.
Something hits you but does no damage.
You barely miss something. Something hits you.
* * * LOW HITPOINT WARNING * * *
The orc hits you but does no damage.
You hit something. Something hits you but does no damage.
The orc hits you with a +0 club.
* * * LOW HITPOINT WARNING * * *
You miss something. Something hits you.
You die...

## ... #.# #.#
####.#######
####.........$##
.........){....#..
..........@.......
###.##.##o......#
#.##..#.......#
#.###.###.##..#
#.# #.# .# .#
#.###.###.# #
#........<#
##††..##### #.####


You could see an orc.

Vanquished Creatures
  An orc priest (D:3)
  An adder (D:3)
  2 worms
  2 orcs (D:3)
  5 ball pythons
  6 endoplasms
  A giant cockroach (D:2)
  3 goblins (D:1)
  3 hobgoblins (D:1)
  7 jackals (D:1)
  10 bats
  4 frilled lizards
  3 kobolds (D:1)
  4 rats
52 creatures vanquished.

Vanquished Creatures (others)
  2 fungi (D:1)
2 creatures vanquished.

Grand Total: 54 creatures vanquished

Notes
Turn   | Place    | Note
-------+----------+-------------------------------------------
     0 | D:1      | DavidChitty2 the Gargoyle Fighter began the quest for the
                  | Orb.
     0 | D:1      | Reached XP level 1. HP: 14/14 MP: 1/1
   118 | D:1      | Reached XP level 2. HP: 19/19 MP: 2/2
   176 | D:1      | Found a faded altar of an unknown god.
   291 | D:1      | Reached XP level 3. HP: 23/23 MP: 3/3
   549 | D:2      | Identified the ring "Nemo" {Fly rElec Str+3 Int-3}
   712 | D:2      | Found Kiyr's Distillery.
   734 | D:2      | Bought a potion of heal wounds for 50 gold pieces
   980 | D:3      | Reached XP level 4. HP: 25/29 MP: 4/4
  1026 | D:3      | Found a blossoming altar of Fedhas.
  1112 | D:3      | Reached skill level 4 in Fighting
  1119 | D:3      | Slain by an orc wizard

Illustrated notes

Levels and vault maps discovered:
D:1:      minmay_arrival_loop, layout_rooms, shapermc_ecumenical_altar_acropolis
D:2:      layout_rooms, serial_shops, nicolae_lakefront_shop
D:3:      layout_loops_ring, mainiacjoe_overflow_cross_hatched, fedhas_altar_1,
          gup_sewer_entry_bubbles, serial_shops, shop_statue, st_stairs_1,
          chequers_garden

Skill      XL: |  1  2  3  4 |
---------------+-------------+-----
Maces & Flails | 3 |  3.2
Fighting       | 4 |  4.0
Armour         | |  3.9
Shields        | |  3.9

Action                     |  1- 3 |  4- 6 || total
---------------------------+-------+-------++-------
  Melee: Flail             |   125 |    43 ||   168
 Armour: Scale mail        |    89 |    40 ||   129
  Dodge: Dodged            |    89 |    20 ||   109
  Block: Buckler           |    49 |    13 ||    62

Table legend: (Time is in decaauts)
 A = Elapsed time spent in this place.
 B = Non-inter-level travel time spent in this place.
 C = Inter-level travel time spent in this place.
 D = Time resting spent in this place.
 E = Time spent auto-exploring this place.
 F = Levels seen in this place.
 G = Mean time per level.
                   A        B        C        D        E       F      G
               +--------+--------+--------+--------+--------+-----+--------+
         Total |   1167 |   1157 |     10 |      0 |    763 |   3 |  389.0 |
       Dungeon |   1167 |   1157 |     10 |      0 |    763 |   3 |  389.0 |
               +--------+--------+--------+--------+--------+-----+--------+

Top non-repeatable levels by time:
     D:1: 524 daAuts
     D:2: 457 daAuts
     D:3: 185 daAuts
